 Dungeon Crawl Stone Soup version 0.18-a0-1203-gbde16db (webtiles) character file.

211090 Lathuz the Slayer (level 18, -5/184 HPs)
             Began as a Minotaur Fighter on Jan 31, 2016.
             Was the Champion of Okawaru.
             Slain by a merfolk impaler
             ... wielding a +3 demon trident of freezing
              (18 damage)
             ... on level 4 of the Shoals on Feb 1, 2016.
             The game lasted 02:15:13 (44105 turns).

Lathuz the Slayer (Minotaur Fighter)               Turns: 44105, Time: 02:15:13

Health: -5/184     AC: 33    Str: 28    XL:     18   Next: 20%
Magic:  0/26       EV: 17    Int: 10    God:    Okawaru [******]
Gold:   2049       SH: 17    Dex: 16    Spells: 0 memorised, 17 levels left

rFire  + . .     SeeInvis .     a - +9 demon whip (freeze)
rCold  . . .     Gourm    .     T - +6 plate armour {MR+}
rNeg   . . .     Faith    .     R - +0 shield {reflect}
rPois  +         Spirit   +     (helmet restricted)
rElec  .         Dismiss  .     s - +1 cloak
rCorr  .         Reflect  +     y - +0 pair of gloves of Keiroroc {rPois rF+ Int+5}
SustAt .         Harm     .     W - +2 pair of boots "Ricwaminn" {rPois MP+9 Str+5 Stlth-}
MR     +++..                    B - amulet of guardian spirit
Stlth  ..........               O - ring of protection from magic
                                r - +4 ring of evasion

@: exhausted, extremely resistant to hostile enchantments, extremely unstealthy
A: retaliatory headbutt, horns 2
a: Heroism, Finesse, Renounce Religion
}: 1/15 runes: serpentine


You were on level 4 of the Shoals.
You worshipped Okawaru.
Okawaru was exalted by your worship.
You were very hungry.

You visited 5 branches of the dungeon, and saw 28 of its levels.
You also visited: Ice Cave.

You collected 2542 gold pieces.
You spent 493 gold pieces at shops.

Inventory:

Hand Weapons
 a - a +9 demon whip of freezing (weapon)
Missiles
 i - 386 stones (quivered)
Armour
 s - a +1 cloak (worn)
 y - the +0 pair of gloves of Keiroroc (worn) {rPois rF+ Int+5}
   (Okawaru gifted it to you on level 1 of the Snake Pit)

   It affects your intelligence (+5).
   It protects you from fire.
   It protects you from poison.
 R - a +0 shield of reflection (worn)
 T - a +6 plate armour of magic resistance (worn)
 W - the +2 pair of boots "Ricwaminn" (worn) {rPois MP+9 Str+5 Stlth-}
   (Okawaru gifted it to you on level 10 of the Dungeon)

   It affects your strength (+5).
   It protects you from poison.
   It affects your magic capacity (+9).
   It makes you less stealthy.
 Z - a +0 large shield
Rods
 v - a +1 lightning rod (14/14)
   (You took it off a naga on level 4 of the Snake Pit)
Jewellery
 e - an uncursed ring of fire
 r - a +4 ring of evasion (left hand)
 B - an amulet of guardian spirit (around neck)
 M - an uncursed ring of protection from magic
 O - a ring of protection from magic (right hand)
 V - an uncursed ring of see invisible
Wands
 k - a wand of heal wounds (2/9)
 l - a wand of confusion (26/48)
 u - a wand of digging (9/24)
 X - a wand of teleportation (7/9)
Scrolls
 b - 2 scrolls of fog
 c - a scroll of blinking
 g - 8 scrolls of teleportation
 h - 15 scrolls of remove curse
 j - 4 scrolls of fear
 z - a scroll of summoning
 D - 2 scrolls of recharging
 F - 2 scrolls of holy word
 Q - a scroll of identify
 U - a scroll of enchant armour
 Y - 2 scrolls of magic mapping
Potions
 d - 2 potions of might
 m - a potion of haste
 n - 8 potions of curing
 o - 4 potions of berserk rage
 p - a potion of invisibility {unknown}
 q - a potion of cancellation {unknown}
 w - 2 potions of mutation
 E - 2 potions of cure mutation
 I - 2 potions of magic
 J - 2 potions of resistance
 K - 5 potions of brilliance
 L - a potion of agility
 N - a potion of beneficial mutation {unknown}
 P - 3 potions of flight
 S - a potion of heal wounds
Comestibles
 f - 13 bread rations
 t - 2 beef jerkies
 x - 4 chunks of flesh
 A - 8 slices of pizza
 C - 9 meat rations
 H - 9 fruits


   Skills:
 * Level 21.9 Fighting
 - Level 12.0 Maces & Flails
 + Level 19.0 Armour
 + Level 7.6 Dodging
 - Level 20.0 Shields


You had 17 spell levels left.
You didn't know any spells.

Dungeon Overview and Level Annotations

Branches:
Dungeon (10/15)            Temple (0/1) D:5            Lair (8/8) D:10
 Shoals (4/4) Lair:6        Snake (4/4) Lair:5        Slime (0/6) Lair:6
    Orc (2/2) D:9             Elf (0/3) Orc:2

Altars:
Cheibriados
Nemelex Xobeh
Okawaru
Ru
Trog
Vehumet
Xom
Zin
Beogh

Shops:
Orc:2 }?[*   Shoals:1 (


Innate Abilities, Weirdness & Mutations

You reflexively headbutt those who attack you in melee.
You have a pair of horns on your head.


Message History

The merfolk impaler hits you but does no damage.
A griffon comes into view.
You see here a sea snake corpse.
You barely miss the merfolk impaler. You headbutt the merfolk impaler!
The merfolk impaler is lightly wounded.
You block the merfolk impaler's attack.
A merfolk comes into view. It is wielding a trident.
You miss the merfolk impaler. You headbutt the merfolk impaler!
The merfolk impaler is moderately wounded.
You feel yourself speed up. The harpy barely misses you.
You furiously retaliate!
You headbutt the harpy. The harpy completely misses you.
The siren chants a haunting song.
You resist with almost no effort. You block the griffon's attack. x2
The griffon claws you but does no damage.
The griffon closely misses you.
The griffon pecks you but does no damage.
You block the griffon's attack.
The merfolk impaler hits you with a demon trident of freezing!!
You die...

≈##≈≈≈≈≈≈≈≈≈≈
###≈≈≈≈≈≈≈≈≈≈≈≈
##≈≈≈≈≈≈≈≈≈≈≈≈≈≈
≈≈≈≈≈≈≈≈≈≈≈≈≈≈≈≈
≈≈≈≈≈≈≈≈≈≈≈≈≈≈≈≈
..%.......≈≈≈≈≈≈
........HHm≈≈≈≈≈
.....≈..@m.|≈≈≈≈
.##≈≈#≈#HH≈≈≈≈≈
# ###m≈≈≈≈≈≈
##≈≈≈≈≈ ≈≈≈≈≈
≈≈≈≈ ≈≈≈ m≈≈


You could see 2 merfolk impalers, 3 griffons, a merfolk, a siren and a harpy.

Vanquished Creatures
  Rupert (Snake:1)
  15 greater nagas
  Ilsuiw (Shoals:4)
  2 orc warlords (Orc:2)
  Donald (Snake:1)
  5 merfolk javelineers
  Josephine (Lair:5)
  2 merfolk impalers
  4 hydras
  30 naga warriors
  The ghost of cireshan the Grappler, a novice TrMo of Qazlal (D:10)
  5 merfolk avatars
  3 catoblepae
  An anaconda (Snake:4)
  Erica (D:8)
  A merfolk aquamancer (Shoals:3)
  An alligator snapping turtle (Shoals:4)
  A queen ant (Lair:4)
  2 satyrs (Shoals:3)
  6 death yaks
  14 naga sharpshooters
  5 orc high priests (Orc:2)
  6 shock serpents
  Nergalle (D:10)
  A fire crab (Lair:8)
  5 salamander mystics
  14 sea snakes
  5 naga ritualists
  4 orc knights (Orc:2)
  3 hill giants (D:10)
  6 mana vipers
  4 harpies (Shoals:2)
  A lindwurm (Lair:7)
  2 oklob plants (Lair:6)
  13 manticores
  5 orc sorcerers
  5 griffons
  13 salamanders
  9 fauns
  A cyclops (Orc:2)
  5 water nymphs
  8 sirens
  3 elephants (Lair:7)
  Maurice (D:8)
  19 black mambas
  Joseph (D:8)
  5 guardian serpents
  19 naga magi
  16 spiny frogs
  10 komodo dragons
  A fire drake (Lair:3)
  5 ice devils (IceCv)
  27 merfolk
  A queen bee (Orc:1)
  3 giant leeches (Lair:8)
  3 polar bears
  5 two-headed ogres
  A wind drake (Shoals:3)
  The ghost of JustSomeDude the Ducker, an amateur DsMo (D:4)
  5 trolls
  42 blink frogs
  6 snapping turtles
  Grinder (D:5)
  4 water elementals
  4 wyverns
  3 wraiths (Lair:5)
  Sigmund (D:3)
  2 hogs (D:9)
  49 yaks
  10 hippogriffs
  5 vampire mosquitoes (Lair:8)
  A human (D:9)
  11 wolves
  A hungry ghost (D:10)
  5 wargs
  Menkaure (D:4)
  5 soldier ants (Lair:4)
  A mottled dragon (D:10)
  72 nagas
  14 water moccasins
  17 porcupines
  6 ice beasts
  5 sky beasts
  2 black bears
  42 orc warriors
  10 centaurs
  14 ogres
  11 crocodiles
  4 phantoms
  A big kobold (D:10)
  39 giant frogs
  Blork the orc (D:5)
  7 gnoll sergeants
  4 scorpions
  24 killer bees (Orc:1)
  7 wights
  7 electric eels
  13 crimson imps
  6 hounds
  2 jellies
  A quasit (D:9)
  2 centaur zombies
  2 centaur skeletons
  3 giant frog skeletons
  A giant frog zombie (D:7)
  28 orc priests
  25 orc wizards
  12 iguanas
  6 hell rats (Lair:4)
  14 worker ants
  21 sheep
  2 hound skeletons (D:10)
  5 gnolls
  11 adders
  88 river rats
  3 shadow imps
  15 white imps
  14 ufetubi (IceCv)
  An ooze (D:2)
  3 adder skeletons
  An adder zombie (D:7)
  4 worms
  2 giant geckos
  102 orcs
  2 giant cockroaches
  14 goblins
  7 hobgoblins
  3 jackals (D:6)
  5 quokkas
  2 ball pythons (D:2)
  7 bats
  2 giant gecko skeletons
  A giant gecko zombie (D:5)
  A giant newt (D:3)
  A jackal skeleton (D:4)
  11 kobolds
  7 rats
  A fungus (Lair:6)
  7 plants
1237 creatures vanquished.

Vanquished Creatures (others)
  A satyr (Shoals:3)
  A naga sharpshooter (Snake:2)
  A naga ritualist (Snake:4)
  An orc wizard (Orc:2)
  14 fungi
  59 plants
77 creatures vanquished.

Grand Total: 1314 creatures vanquished

Notes
Turn   | Place    | Note
--------------------------------------------------------------
     0 | D:1      | Lathuz the Minotaur Fighter began the quest for the Orb.
     0 | D:1      | Reached XP level 1. HP: 19/19 MP: 0/0
   365 | D:1      | Reached XP level 2. HP: 17/26 MP: 1/1
  1032 | D:2      | Reached XP level 3. HP: 31/31 MP: 2/2
  1067 | D:2      | Reached skill level 4 in Maces & Flails
  1692 | D:2      | Found a glowing silver altar of Zin.
  1773 | D:3      | Reached XP level 4. HP: 39/39 MP: 3/3
  1773 | D:3      | Reached skill level 5 in Maces & Flails
  2097 | D:3      | Reached XP level 5. HP: 42/45 MP: 4/4
  2321 | D:3      | Reached skill level 5 in Shields
  2532 | D:3      | Reached skill level 6 in Maces & Flails
  2744 | D:3      | You fall through a shaft for 3 floors!
  2761 | D:6      | Reached XP level 6. HP: 51/51 MP: 5/5
  2835 | D:6      | Reached skill level 7 in Maces & Flails
  3019 | D:5      | Entered Level 5 of the Dungeon
  3029 | D:5      | Noticed Blork the orc
  3048 | D:5      | Killed Blork the orc
  3048 | D:5      | Reached XP level 7. HP: 35/57 MP: 6/6
  3272 | D:5      | Reached skill level 8 in Maces & Flails
  3538 | D:4      | Noticed Menkaure
  3553 | D:4      | Killed Menkaure
  3723 | D:4      | Noticed JustSomeDude's ghost (amateur DsMo)
  3763 | D:4      | Killed JustSomeDude's ghost
  3763 | D:4      | Reached skill level 9 in Maces & Flails
  3765 | D:4      | Reached XP level 8. HP: 6/64 MP: 7/7
  4143 | D:3      | Found an iron altar of Okawaru.
  4226 | D:3      | Noticed Sigmund
  4239 | D:3      | Killed Sigmund
  4239 | D:3      | Reached skill level 10 in Maces & Flails
  4388 | D:3      | Found a snail-covered altar of Cheibriados.
  4496 | D:3      | Became a worshipper of Warmaster Okawaru
  4605 | D:3      | Found a radiant altar of Vehumet.
  4608 | D:3      | Found a sacrificial altar of Ru.
  5362 | D:5      | Found a staircase to the Ecumenical Temple.
  5506 | D:5      | Noticed Grinder
  5507 | D:5      | Paralysed by Grinder for 4 turns
  5522 | D:5      | Killed Grinder
  5522 | D:5      | Reached skill level 11 in Maces & Flails
  5956 | D:5      | Reached * piety under Okawaru
  6031 | D:6      | Reached XP level 9. HP: 57/70 MP: 6/8
  6776 | D:7      | Reached skill level 12 in Maces & Flails
  7263 | D:7      | Reached skill level 5 in Fighting
  7696 | D:8      | Reached ** piety under Okawaru
  7714 | D:8      | Noticed Joseph
  7763 | D:8      | Killed Joseph
  7763 | D:8      | Reached skill level 10 in Shields
  8144 | D:8      | Reached *** piety under Okawaru
  8481 | D:8      | Reached XP level 10. HP: 90/90 MP: 9/9
  8546 | D:8      | Noticed Erica
  8563 | D:8      | Killed Erica
  8698 | D:8      | Noticed Maurice
  8709 | D:8      | Killed Maurice
  8709 | D:8      | Reached **** piety under Okawaru
  9052 | D:8      | Reached skill level 10 in Fighting
  9152 | D:8      | Found a sparkling altar of Nemelex Xobeh.
  9153 | D:8      | Found a shimmering altar of Xom.
 10069 | D:9      | Reached ***** piety under Okawaru
 10347 | D:9      | Paralysed by a centaur for 6 turns
 10388 | D:9      | Found a staircase to the Orcish Mines.
 10704 | D:8      | Reached XP level 11. HP: 30/104 MP: 0/10
 10729 | D:8      | HP: 5/104 [poisoned by an orc warrior]
 10734 | D:8      | HP: 5/104 [poisoned by an orc warrior]
 10741 | D:8      | HP: 4/104 [poisoned by an orc warrior]
 10749 | D:8      | HP: 5/104 [poisoned by an orc warrior]
 11926 | D:10     | Entered Level 10 of the Dungeon
 11971 | D:10     | Noticed Nergalle
 12012 | D:10     | Killed Nergalle
 12233 | D:10     | Found a sparkling altar of Nemelex Xobeh.
 12396 | D:10     | Noticed cireshan's ghost (novice TrMo)
 12417 | D:10     | Killed cireshan's ghost
 12417 | D:10     | Received a gift from Okawaru
 12417 | D:10     | Reached skill level 13 in Fighting
 12419 | D:10     | Got a pair of distressingly furry boots {god gift}
 12425 | D:10     | Identified the +2 pair of boots "Ricwaminn" {rPois MP+9 Str+5 Stlth-} (Okawaru gifted it to you on level 10 of the Dungeon)
 13602 | D:10     | Noticed a hill giant
 13609 | D:10     | Killed a hill giant
 13626 | D:10     | Found a staircase to the Lair.
 13629 | D:10     | Noticed a hill giant
 13637 | D:10     | Killed a hill giant
 13637 | D:10     | Reached skill level 14 in Fighting
 14051 | D:10     | Noticed a hill giant
 14061 | D:10     | Killed a hill giant
 14182 | Lair:1   | Entered Level 1 of the Lair of Beasts
 14250 | Lair:1   | Reached skill level 5 in Armour
 14293 | Lair:1   | Reached XP level 12. HP: 79/117 MP: 11/11
 14732 | Lair:1   | Reached ****** piety under Okawaru
 14732 | Lair:1   | Received a gift from Okawaru
 15813 | Lair:2   | Found a frozen archway.
 15825 | IceCv    | Entered an ice cave
 16074 | IceCv    | Received a gift from Okawaru
 16078 | IceCv    | Got a spiked chain mail {god gift}
 16089 | IceCv    | Identified the +0 chain mail of Suskebusm {MR+ rCorr Str+4} (Okawaru gifted it to you in an ice cave)
 16513 | Lair:2   | Reached skill level 10 in Armour
 18460 | Lair:4   | Reached XP level 13. HP: 124/124 MP: 12/12
 18575 | Lair:4   | Reached skill level 15 in Shields
 19489 | Lair:5   | Found a bloodstained altar of Trog.
 19492 | Lair:5   | Noticed Josephine
 19506 | Lair:5   | Killed Josephine
 19616 | Lair:5   | Found a staircase to the Snake Pit.
 19934 | Lair:5   | Received a gift from Okawaru
 20390 | Lair:5   | You fall through a shaft for 3 floors!
 20390 | Lair:8   | Entered Level 8 of the Lair of Beasts
 20982 | Lair:8   | Reached skill level 15 in Armour
 20982 | Lair:8   | Reached skill level 16 in Shields
 21368 | Lair:8   | HP: 6/124 [yak (2)]
 21373 | Lair:8   | HP: 5/124 [catoblepas (2)]
 21875 | Lair:7   | Reached XP level 14. HP: 121/132 MP: 13/13
 22008 | Lair:7   | Found a dark tunnel.
 22033 | Lair:7   | Received a gift from Okawaru
 22044 | Lair:7   | Got a jewelled mace {god gift}
 22045 | Lair:7   | Identified the +1 mace "Piull" {crush, +Blink Str+7} (Okawaru gifted it to you on level 7 of the Lair of Beasts)
 22966 | Lair:7   | Reached skill level 15 in Fighting
 23357 | Lair:8   | Found a radiant altar of Vehumet.
 24914 | Lair:8   | Received a gift from Okawaru
 26175 | Lair:6   | Found a staircase to the Shoals.
 26367 | Lair:6   | Found a staircase to the Slime Pits.
 26985 | Orc:1    | Entered Level 1 of the Orcish Mines
 27800 | Orc:2    | Entered Level 2 of the Orcish Mines
 28184 | Orc:2    | Noticed an orc warlord
 28204 | Orc:2    | Killed an orc warlord
 28204 | Orc:2    | Reached skill level 17 in Fighting
 28721 | Orc:2    | Found a staircase to the Elven Halls.
 28824 | Orc:2    | Reached XP level 15. HP: 147/147 MP: 14/14
 28943 | Orc:2    | Found a roughly hewn altar of Beogh.
 29037 | Orc:2    | Received a gift from Okawaru
 29355 | Orc:2    | Found Wummuo's General Store.
 29374 | Orc:2    | Bought a potion of heal wounds for 70 gold pieces
 29374 | Orc:2    | Bought a potion of flight for 42 gold pieces
 29380 | Orc:2    | Found Tyth's Armour Shop.
 30093 | Orc:2    | Noticed an orc warlord
 30124 | Orc:2    | Killed an orc warlord
 30124 | Orc:2    | Reached skill level 18 in Fighting
 30140 | Orc:2    | Found a roughly hewn altar of Beogh.
 30559 | Orc:2    | Found Harutoci's Gadget Boutique.
 31001 | Orc:2    | Found Ownimp's Magic Scroll Shoppe.
 31018 | Orc:2    | Bought a scroll of enchant armour for 112 gold pieces
 31018 | Orc:2    | Bought a scroll of identify for 30 gold pieces
 31018 | Orc:2    | Bought a scroll of random uselessness for 15 gold pieces
 31018 | Orc:2    | Bought a scroll of enchant armour for 112 gold pieces
 31018 | Orc:2    | Bought a scroll of enchant weapon for 112 gold pieces
 31472 | Snake:1  | Entered Level 1 of the Snake Pit
 31472 | Snake:1  | Noticed Donald
 31505 | Snake:1  | Killed Donald
 32150 | Snake:1  | Noticed Rupert
 32169 | Snake:1  | Killed Rupert
 32356 | Snake:1  | Received a gift from Okawaru
 32366 | Snake:1  | Got a pair of distressingly furry gloves {god gift}
 32372 | Snake:1  | Identified the +0 pair of gloves of Keiroroc {rPois rF+ Int+5} (Okawaru gifted it to you on level 1 of the Snake Pit)
 32694 | Snake:2  | Noticed a greater naga
 32718 | Snake:2  | Killed a greater naga
 32903 | Snake:2  | Found a bloodstained altar of Trog.
 34418 | Snake:3  | Reached skill level 19 in Fighting
 34632 | Snake:3  | Reached XP level 16. HP: 146/160 MP: 15/15
 35272 | Snake:4  | Entered Level 4 of the Snake Pit
 35721 | Snake:4  | Received a gift from Okawaru
 38035 | Snake:4  | Received a gift from Okawaru
 38484 | Snake:4  | Reached skill level 20 in Shields
 38689 | Snake:4  | Reached skill level 1 in Dodging
 38866 | Snake:4  | Reached XP level 17. HP: 167/170 MP: 16/16
 38988 | Snake:4  | Received a gift from Okawaru
 40185 | Snake:4  | Got a serpentine rune of Zot
 40477 | Shoals:1 | Entered Level 1 of the Shoals
 40730 | Shoals:1 | Reached skill level 5 in Dodging
 41024 | Shoals:1 | Found Sasauff's Weapon Shoppe.
 41051 | Shoals:1 | Reached skill level 21 in Fighting
 41623 | Shoals:2 | Received a gift from Okawaru
 43149 | Shoals:3 | Found Hoceuf's Book Boutique.
 43192 | Shoals:3 | Reached XP level 18. HP: 182/182 MP: 17/17
 43295 | Shoals:3 | Received a gift from Okawaru
 43320 | Shoals:4 | Entered Level 4 of the Shoals
 44026 | Shoals:4 | Noticed Ilsuiw
 44085 | Shoals:4 | Killed Ilsuiw
 44089 | Shoals:4 | HP: 6/184 [merfolk impaler/demon trident of flaming (9)]
 44105 | Shoals:4 | Slain by a merfolk impaler

Vault maps used:
D:1:      dpeg_arrival_rooms_a
D:2:      lemuel_round_altar
D:3:      grunt_temple_overflow_diamond, small_statue_intersection,
          kennysheep_okawaru_gauntlet, uniq_sigmund
D:4:      minmay_misc_feat_x, uniq_menkaure
D:5:      minmay_temple_entry_mist, first_bread, grunt_decor_clamped,
          uniq_blork_the_orc, uniq_grinder
D:8:      gammafunk_temple_overflow_pools, uniq_joseph, uniq_erica, uniq_maurice
D:9:      kennysheep_orc_monster_closet_entryway, grunt_livestock
D:10:     lair_0_dummy, enter_bailey_2, st_stairs_10,
          nemelex_diamond_rough_becter, uniq_nergalle
Lair:1:   serial_bayou_shore_b
Lair:2:   portal_ice_cave_entry_imps, st_stairs_5, grunt_megastairs_4,
          infiniplex_staircase_pool
Lair:3:   beast_lair_carwin_large_1, serial_bayou_pond_c, guppyfry_lair_drakes,
          lemuel_fruit_fields
Lair:4:   wad_woods_antlair
Lair:5:   guppyfry_snake_entry_island, basic_altar, serial_bayou_lagoon_a,
          beast_lair_carwin_3, uniq_josephine
Lair:6:   elwin_shoals_entry_stream, minmay_slime_entry_oklob_enclosed
Lair:7:   enter_volcano_2, grunt_megastairs_1
Lair:8:   minmay_lair_end_frog_pond, serial_bayou_pond_e, lemuel_centaur_altar,
          lemuel_fruit_tree
Shoals:1: serial_shops, nicolae_shop_behind_doors
Shoals:2: nicolae_shoals_hunting_party
Shoals:3: nicolae_shoals_c_island
Shoals:4: shoals_end_grunt_ice, shoals_ilsuiw_ice
Snake:1:  serial_bayou_shore_a, uniq_donald, uniq_rupert
Snake:2:  basic_altar, basic_stair_grate_trap
Snake:4:  grunt_snake_rune_spirals
Orc:1:    special_room
Orc:2:    pubby_orc_utopia
IceCv:    ice_cave_small_demon

Action                   |  1- 3 |  4- 6 |  7- 9 | 10-12 | 13-15 | 16-18 || total
-------------------------+-------+-------+-------+-------+-------+-------++-------
Melee: Flail             |   118 |   110 |   400 |   563 |       |       ||  1191
       Demon whip        |       |       |       |   409 |  2040 |  1330 ||  3779
Throw: Stone             |    82 |    65 |   190 |   555 |  1035 |   496 ||  2423
Invok: Heroism           |       |       |       |     2 |     3 |     3 ||     8
       Finesse           |       |       |       |     1 |     2 |     1 ||     4
Evoke: Wand              |       |       |       |       |       |     3 ||     3
  Use: Scroll            |       |       |     6 |    18 |     9 |    20 ||    53
       Potion            |       |       |       |     1 |     2 |     5 ||     8
  Eat: Chunk             |     2 |     5 |    11 |    27 |    35 |     8 ||    88
       Fruit             |       |       |     2 |     3 |     4 |       ||     9
       Bread ration      |       |       |     1 |       |     1 |       ||     2
       Beef jerky        |       |       |       |     2 |     2 |       ||     4
       Royal jelly       |       |       |       |       |     4 |    11 ||    15
